 Dungeon Crawl Stone Soup version 0.31.0-12-g77e489cdc1 (webtiles) character file.

Game seed: 7539831545791380661

511 Marvel the Chopper (level 6, -2/61 HPs)
             Began as a Troll Fighter on Feb 19, 2024.
             Was an Initiate of Ashenzari.
             Slain by Duvessa
             ... wielding a +2 short sword of venom
              (7 damage)
             ... on level 4 of the Dungeon.
             The game lasted 00:06:25 (2529 turns).

Marvel the Chopper (Troll Fighter)                  Turns: 2529, Time: 00:06:25

Health: -2/61      AC:  4    Str: 33    XL:     6   Next: 99%
Magic:  5/5        EV:  9    Int:  4    God:    Ashenzari [......]
Gold:   201        SH:  8    Dex:  9    Spells: 5/5 levels left

rFire   + . .        p - +1 hand axe (freeze)
rCold   + . .        c - +0 kite shield
rNeg    + . .        b - +0 robe
rPois   .            (helmet restricted)
rElec   .            m - scarf {rC+ rF+}
rCorr   .            (gloves unavailable)
SInv    .            (boots unavailable)
Will    .....        (no amulet)
Stlth   +            q - +6 ring of strength
HPRegen 1.10/turn    i - ring of positive energy
MPRegen 0.09/turn

%: no passive effects
@: mighty, lethally poisoned (-2 -> -3)
A: large, unfitting armour, claws 3, regeneration 1, shaggy fur 1, tough skin 1
a: Renounce Religion, Curse Item


You were on level 4 of the Dungeon.
You worshipped Ashenzari.
Ashenzari was noncommittal.
You visited 1 branch of the dungeon, and saw 4 of its levels.

You collected 201 gold pieces.

Inventory:

Hand Weapons
 a - a +0 war axe
 p - a +1 hand axe of freezing (weapon)
 t - a +0 war axe
Armour
 b - a +0 robe (worn)
 c - a +0 kite shield (worn)
 m - a scarf of resistance (worn)
Jewellery
 i - a ring of positive energy (right claw)
 q - a +6 ring of strength (left claw)
Wands
 x - a wand of iceblast (6)
Scrolls
 e - a scroll of amnesia {unknown}
 f - a scroll of poison {unknown}
 j - a scroll of immolation {unknown}
 l - a scroll of torment {unknown}
 n - 4 scrolls of identify {unknown}
Potions
 d - a potion of might
 g - a potion of degeneration {unknown}
 k - a potion of resistance {unknown}
 r - a potion of enlightenment {unknown}
 v - a potion of haste {unknown}
 w - a potion of attraction {unknown}


   Skills:
 + Level 3.6 Fighting
 + Level 4.2 Axes
 + Level 3.6 Dodging
 + Level 3.8 Shields


You had 5 spell levels left.
You didn't know any spells.
Your spell library contained the following spells:

 Spells                   Type           Power      Damage    Failure   Level
 Jinxbite                 Hex            0%         N/A       83%         2
 Hailstorm                Conj/Ice       0%         3d5       97%         3
 Summon Ice Beast         Ice/Summ       0%         N/A       97%         3
 Yara's Violent Unravell  Hex/Alch       0%         3d3       100%        5
 Sculpt Simulacrum        Ice/Alch       0%         N/A       100%        6
 Enfeeble                 Hex            0%         N/A       100%        7


Dungeon Overview and Level Annotations

Branches:
Dungeon (4/15)
 Temple: D:4-7

Altars:
Ashenzari
Cheibriados
Nemelex Xobeh
Ru
Vehumet

Annotations:
D:4 Dowan, Duvessa


Innate Abilities, Weirdness & Mutations

You are too large for most types of armour.
You have claws for hands.
Your natural rate of healing is unusually fast.
You are covered in fur. (AC +1)
You have tough skin. (AC +1)


Message History

Dowan points at you and mumbles some strange words.
The puff of flame hits you.
* * * LOW HITPOINT WARNING * * *
Duvessa hits you but does no damage.
You feel better.
Dowan seems to regain his courage.
Duvessa hits you with a +2 short sword of venom.
* * * LOW HITPOINT WARNING * * *
You hit Duvessa. You freeze Duvessa.
Duvessa is heavily wounded.
Duvessa hits you but does no damage.
You feel very mighty all of a sudden.
Duvessa hits you with a +2 short sword of venom!
* * * LOW HITPOINT WARNING * * *
You block Dowan's attack.
You barely miss Duvessa.
Duvessa is heavily wounded.
You slash Dowan! You freeze Dowan. Duvessa hits you but does no damage.
Dowan casts a spell.
Dowan blinks!
You slash Duvessa! You freeze Duvessa.
Duvessa is almost dead.
Duvessa hits you but does no damage.
You are poisoned.
You closely miss Duvessa.
Duvessa is almost dead.
You feel very sick. Duvessa completely misses you.
Dowan's feet meld with the ground, briefly.
Dowan points at you and mumbles some strange words.
The puff of flame hits you!
* * * LOW HITPOINT WARNING * * *
You barely miss Duvessa.
Duvessa is almost dead.
You feel less wooden.
Your scarf of resistance unmelds from your body.
Your +0 robe unmelds from your body.
You feel resistant to extremes of temperature.
You feel sick.
Duvessa hits you with a +2 short sword of venom!
You die...

#......# #......##
#.......### ##[..
#.......?.##.#...#
#.e...#...[......#
#................#
#.#.#†_.#..#.#..)#
#...e@....##.#...#
###...#...##.#...#
#.......##.#...####
#..e...###..####...
###..### ##.# ....#
#..# #.##.<# ##.##
##....# ##..#
#....## ######..##
###).###


You could see Duvessa and Dowan.

Vanquished Creatures
  A centaur (D:4)
  A phantom (D:4)
  A bombardier beetle (D:3)
  An orc priest (D:3)
  2 orc wizards (D:3)
  Ijyb (D:4)
  7 gnolls (D:3)
  4 adders
  4 ribbon worms
  13 orcs (D:3)
  9 endoplasms
  10 giant cockroaches
  8 goblins
  11 hobgoblins
  7 jackals (D:1)
  A quokka (D:1)
  3 ball pythons
  8 bats
  2 frilled lizards
  2 kobolds (D:2)
  7 rats
103 creatures vanquished.

Vanquished Creatures (others)
  An orc wizard (D:3)
1 creature vanquished.

Grand Total: 104 creatures vanquished

Notes
Turn   | Place    | Note
-------+----------+-------------------------------------------
     0 | D:1      | Marvel the Troll Fighter began the quest for the Orb.
     0 | D:1      | Reached XP level 1. HP: 22/22 MP: 0/0
     1 | D:1      | Found a runed translucent door.
    19 | D:1      | Found a faded altar of an unknown god.
    30 | D:1      | Prayed at the altar of an unknown god.
    30 | D:1      | Became a worshipper of Ashenzari the Shackled
   281 | D:1      | Reached XP level 2. HP: 29/29 MP: 1/1
   729 | D:1      | Reached XP level 3. HP: 35/36 MP: 2/2
   754 | D:1      | Reached skill level 2 in Axes
  1065 | D:2      | Reached XP level 4. HP: 44/44 MP: 3/3
  1747 | D:3      | Reached XP level 5. HP: 38/53 MP: 4/4
  1808 | D:3      | Reached skill level 3 in Axes
  2043 | D:3      | Identified the +6 ring mail of the Worm {-Tele Dex+6}
  2131 | D:3      | Found a sacrificial altar of Ru.
  2162 | D:3      | Reached XP level 6. HP: 33/61 MP: 5/5
  2287 | D:3      | Found a faded altar of an unknown god.
  2291 | D:3      | Found a sparkling altar of Nemelex Xobeh.
  2345 | D:3      | Found a snail-covered altar of Cheibriados.
  2410 | D:4      | Reached skill level 4 in Axes
  2461 | D:4      | Noticed Ijyb
  2483 | D:4      | Killed Ijyb
  2498 | D:4      | Found a radiant altar of Vehumet.
  2502 | D:4      | Noticed Duvessa
  2502 | D:4      | Noticed Dowan
  2529 | D:4      | Slain by Duvessa

Illustrated notes

Levels and vault maps discovered:
D:1:      dpeg_arrival_caged_fury, layout_loops_ring, basic_ecumenical_altar,
          grunt_decor_junction, chequers_arboretum
D:2:      layout_loops_corners, st_stairs_9
D:3:      layout_rooms, overflow_temple_1_default,
          nicolae_overflow_ecumenical_swirl, slow_altar_2, kennysheep_donut
D:4:      layout_rooms, vehumet_altar_wand_db, hangedman_abyss_or_decor_passed,
          nicolae_figureground_pulse, uniq_duvessa, uniq_ijyb, uniq_grinder

Skill      XL: |  1  2  3  4  5  6 |
---------------+-------------------+-----
Shields        | 3 |  3.8
Axes           | 2 3 4 |  4.2
Fighting       | 3 |  3.6
Dodging        | 3 |  3.6

Action                     |  1- 3 |  4- 6 || total
---------------------------+-------+-------++-------
  Melee: War axe           |   119 |       ||   119
         Hand axe          |     3 |   204 ||   207
    Use: Potion            |       |     6 ||     6
         Scroll            |       |     1 ||     1
   Stab: Sleeping          |     2 |       ||     2
 Armour: Robe              |    86 |   158 ||   244
         Skin              |       |    23 ||    23
  Dodge: Dodged            |    58 |   101 ||   159
  Block: Kite shield       |    66 |    86 ||   152
